AoeStats
← KG.专业开脑壳

Arena

508645132Analyzed
3v3 RM · 8d ago on Sep 23, 2026· 51m 27s· 6 players
Game mode
Random Map
Map size
Normal (6 player)
Population
200
Speed
Normal
Resources
Standard
Victory
Conquest
Starting age
Dark Age
Ending age
Imperial Age
RankedLock teamsTeams togetherTeam positionsShared explorationLock speedFull tech treeHidden civsTurbo modeCheats
Victory
Defeat
🇨🇳 Jurchens · China
1313
+11
1241
+14
🇨🇳 Italians · China
1116
+20
🇨🇳 Spanish · China
1214
-16
🇹🇼 Bulgarians · Taiwan
1206
-15
🇹🇼 Persians · Taiwan
1187
-14
5679325949
8:05 Loom
11:40 Feudal Age
15:46 Castle Age
14:08 Double-Bit Axe
14:05 Horse Collar
15:00 Forging
16:32 Fletching
23:20 Bodkin Arrow
31:33 Bow Saw
32:29 Heavy Plow
33:37 Wheelbarrow
35:14 Hand Cart
39:35 Imperial Age
38:28 Iron Casting
37:53 Scale Mail Armor
37:59 Scale Barding Armor
38:39 Stirrups
39:01 Light Cavalry
39:52 Bloodlines
39:42 Husbandry
40:04 Chain Barding Armor
39:59 Chain Mail Armor
39:50 Elite Skirmisher
40:32 Padded Archer Armor
42:09 Conscription
42:42 Gold Mining
44:07 Hussar
46:25 Plate Mail Armor
46:56 Blast Furnace
47:17 Chemistry
46:29 Bracer
47:00 Pikeman
47:26 Gambesons
47:42 Squires
47:28 Arson
48:01 Halberdier
49:40 Elite Konnik
Mew 69
10:32 Feudal Age
9:05 Loom
12:00 Horse Collar
15:08 Castle Age
12:53 Horse Collar
15:21 Double-Bit Axe
22:02 Wheelbarrow
25:14 Bow Saw
25:01 Gold Mining
26:05 Stone Mining
27:24 Forging
27:20 Scale Barding Armor
27:44 Ballistics
30:25 Imperial Age
28:43 Bloodlines
28:34 Husbandry
29:37 Heavy Plow
30:16 Gold Shaft Mining
30:37 Iron Casting
31:12 Hand Cart
30:40 Cavalier
32:04 Conscription
31:40 Town Watch
33:21 Blast Furnace
32:48 Chain Barding Armor
33:51 Squires
34:01 Fletching
37:06 Chemistry
36:39 Savar
37:57 Thumb Ring
44:18 Two-Man Saw
46:01 Kamandaran
48:53 Crop Rotation
48:36 Citadels
48:12 Crossbowman
50:38 Bodkin Arrow
50:43 Padded Archer Armor
50:15 Light Cavalry
Weiting
11:31 Feudal Age
10:06 Loom
15:28 Castle Age
14:06 Double-Bit Axe
14:42 Gold Mining
23:59 Bloodlines
23:44 Fletching
23:57 Padded Archer Armor
26:34 Bow Saw
31:04 Wheelbarrow
32:37 Town Watch
33:17 Husbandry
33:36 Horse Collar
37:04 Imperial Age
37:06 Cavalier
38:12 Conscription
41:26 Thumb Ring
40:42 Elite Skirmisher
41:14 Paladin
45:27 Hand Cart
48:20 Heavy Plow
50:50 Town Patrol
KG.专业开脑壳
10:25 Feudal Age
11:15 Loom
15:24 Castle Age
13:20 Double-Bit Axe
13:22 Horse Collar
15:08 Stone Mining
15:20 Loom
20:11 Wheelbarrow
21:26 Fletching
23:11 Padded Archer Armor
25:42 Padded Archer Armor
26:43 Bodkin Arrow
28:16 Leather Archer Armor
31:45 Imperial Age
29:34 Gold Mining
30:31 Heavy Plow
32:02 Town Watch
33:38 Chemistry
32:46 Bracer
34:31 Ring Archer Armor
34:32 Ballistics
35:21 Treadmill Crane
35:14 Elite Genoese Crossbowman
37:07 Conscription
37:27 Hand Cart
38:22 Town Patrol
38:55 Bow Saw
39:33 Light Cavalry
40:34 Scale Barding Armor
40:40 Forging
42:55 Chain Barding Armor
43:10 Iron Casting
42:04 Hussar
45:27 Plate Barding Armor
45:53 Blast Furnace
45:21 Bloodlines
50:09 Two-Man Saw
52:04 Crop Rotation
种田玩家打队友别打我
10:10 Feudal Age
13:52 Castle Age
12:04 Double-Bit Axe
12:40 Horse Collar
15:16 Wheelbarrow
20:40 Loom
36:04 Town Watch
40:13 Bow Saw
43:04 Pikeman
43:44 Squires
48:29 Imperial Age
47:44 Scale Mail Armor
47:55 Forging
49:16 Chain Mail Armor
48:44 Halberdier
51:05 Hand Cart
52:06 Plate Mail Armor
51:44 Arson
死了算了
10:44 Feudal Age
14:24 Castle Age
12:14 Double-Bit Axe
12:19 Horse Collar
23:36 Heavy Plow
23:47 Bow Saw
23:27 Loom
24:18 Wheelbarrow
31:33 Imperial Age
29:21 Hand Cart
28:51 Town Watch
29:39 Husbandry
29:50 Bloodlines
30:22 Scale Barding Armor
30:27 Forging
32:21 Chain Barding Armor
32:36 Iron Casting
31:46 Elite Steppe Lancer
32:56 Conscription
33:12 Stone Mining
33:13 Gold Mining
34:47 Two-Man Saw
34:47 Plate Barding Armor
35:13 Stone Shaft Mining
35:13 Gold Shaft Mining
36:02 Guilds
37:39 Blast Furnace
36:50 Light Cavalry
38:55 Hussar
42:14 Elite Iron Pagoda
48:46 Caravan
Connection lost

Rejoining the realm…

Still unreachable

The connection could not be restored.

Session expired

The server has moved on; the page needs a fresh start.